AoeStats
← Joaking

Runestones

508032260Analyzed
1v1 RM · 11d ago on Sep 20, 2026· 27m 26s· 2 players
Game mode
Random Map
Map size
Tiny (2 player)
Population
200
Speed
Normal
Resources
Standard
Victory
Conquest
Starting age
Dark Age
Ending age
Imperial Age
RankedLock teamsTeams togetherTeam positionsShared explorationLock speedFull tech treeHidden civsTurbo modeCheats
Victory
Defeat
🇪🇸 Romans · Spain
1042
+18
🇨🇱 Saracens · Chile
1086
-18
Joaking
8:29 Loom
10:49 Feudal Age
17:08 Double-Bit Axe
19:57 Scale Barding Armor
24:06 Castle Age
26:14 Chain Barding Armor
inmaculada
7:18 Loom
9:08 Feudal Age
9:58 Double-Bit Axe
12:19 Man-at-Arms
14:10 Scale Mail Armor
17:17 Wheelbarrow
19:08 Horse Collar
21:48 Castle Age
23:03 Bow Saw
23:14 Chain Mail Armor
22:31 Long Swordsman
24:31 Heavy Plow
23:55 Pikeman
27:08 Forging
27:29 Town Watch
Connection lost

Rejoining the realm…

Still unreachable

The connection could not be restored.

Session expired

The server has moved on; the page needs a fresh start.